 Dungeon Sprint DCSS version 0.29-a0-330-g52719c12eb (webtiles) character file.

Game seed: 4882522080274079123

276271 jt the Slayer (level 12, 150/150 HPs)
             Began as a Naga Berserker on Apr 29, 2022.
             Was the Champion of Trog.
             Escaped with the Orb!
             The game lasted 00:19:11 (4690 turns).

jt the Slayer (Naga Berserker)                      Turns: 4690, Time: 00:19:12

Health: 150/150    AC: 28    Str: 20    XL:     12   Next: 98%
Magic:  4/4        EV:  7    Int: 15    God:    Trog [******]
Gold:   60         SH:  0    Dex: 12    Spells: 11/11 levels left

rFire   + . .      SeeInvis +   J - +4 executioner's axe (antimagic)
rCold   + . .      Faith    .   (shield currently unavailable)
rNeg    . . .      Spirit   .   k - +3 scale mail {rC+}
rPois   +          Reflect  .   H - +2 hat
rElec   .          Harm     .   O - +2 cloak
rCorr   .          Rampage  .   M - +2 pair of gloves {hurl}
Will    +....      NoTele   +   B - +1 barding of Parlour Games {Str-3 Int+7}
Stlth   +.........              Q - amulet of magic regeneration
HPRegen 0.35/turn               D - ring of protection from fire
MPRegen 0.49/turn               (no ring)

@: marked, very slow
A: AC +4, large, see invisible, deformed body, poison resistance, slowness 2,
spit poison 1, naga tail 1, subdued magic 1, inability to read while threatened
0: Orb of Zot
a: Spit Poison, Renounce Religion, Berserk, Trog's Hand, Brothers in Arms


You escaped.
You worshipped Trog.
Trog was exalted by your worship.
You visited 1 branch You collected 4170 gold pieces.
You spent 4110 gold pieces at shops.

Inventory:

Hand Weapons
 a - a +0 war axe
 d - a +5 vorpal executioner's axe
 m - a +0 halberd
 n - a +0 dagger of distortion
 p - a +0 trident
 q - a +0 hand axe
 s - a +1 longbow of freezing
 t - a +2 vorpal short sword
 u - a +3 vorpal battleaxe
 v - the +4 lajatang of Immorality {freeze, rN+ Will+ Str+3 Dex-5}
   (You found it in the Dungeon)

   It freezes those it strikes, dealing additional cold damage.
   It can also slow down cold-blooded creatures.
   Str:       It affects your strength (+3).
   Dex:       It affects your dexterity (-5).
   rN:        It protects you from negative energy.
   Will:      It increases your willpower.
 x - the +4 mace of Uwim {protect, Dex+2}
   (You bought it in a shop in the Dungeon)

   It grants its wielder temporary protection when it strikes (+7 to AC).
   Dex:       It affects your dexterity (+2).
 z - a +2 hunting sling of flaming
 I - a +6 hand axe of flaming
 J - a +4 antimagic executioner's axe (weapon)
 K - a +5 battleaxe of flaming
 L - a +4 antimagic battleaxe
Missiles
 o - 2 curare-tipped darts
 r - 4 poisoned darts
 w - 64 stones
Armour
 b - the +1 acid dragon scales of Unambiguity {rElec rC- Will+++ rCorr SInv}
   (You bought it in a shop in the Dungeon)

   rC:        It makes you vulnerable to cold.
   rElec:     It insulates you from electricity.
   SInv:      It lets you see invisible.
   rCorr:     It protects you from acid and corrosion.
   Will:      It greatly increases your willpower.
 k - a +3 scale mail of cold resistance (worn)
 B - the +1 barding of Parlour Games (worn) {Str-3 Int+7}
   (You acquired it in the Dungeon)

   Str:       It affects your strength (-3).
   Int:       It affects your intelligence (+7).
 H - a +2 hat (worn)
 M - a +2 pair of gloves of hurling (worn)
 N - a +2 pair of gloves
 O - a +2 cloak (worn)
Jewellery
 D - a ring of protection from fire (left hand)
 G - a ring of protection from fire
 Q - an amulet of magic regeneration (around neck)
Wands
 i - a wand of flame (11)
 P - a wand of iceblast (11)
Scrolls
 l - 4 scrolls of immolation
 y - 3 scrolls of torment
 A - a scroll of enchant weapon
 C - a scroll of brand weapon
 E - 2 scrolls of vulnerability
Potions
 c - 7 potions of curing
 e - 3 potions of haste
 f - 2 potions of magic
 g - 2 potions of berserk rage
 j - 2 potions of degeneration
 F - a potion of might {unknown}
 R - 2 potions of mutation


   Skills:
 + Level 21.8 Fighting
 + Level 19.6 Axes
 - Level 6.0 Throwing
 - Level 10.0 Armour
 - Level 4.9 Dodging
 - Level 10.3 Stealth
 - Level 2.0 Evocations


You had 11 spell levels left.
You didn't know any spells.
Your spell library contained the following spells:

 Spells                   Type           Power      Damage    Failure   Level
 Magic Dart               Conj           0%         1d3       50%         1
 Searing Ray              Conj           0%         2d4       63%         2
 Fulminant Prism          Conj/Hex       0%         3d6       99%         4


Dungeon Overview and Level Annotations

Branches:
Dungeon (1/1)

Altars:
Cheibriados
Dithmenos
Elyvilon
Fedhas
Gozag
Hepliaklqana
Kikubaaqudgha
Makhleb
Nemelex Xobeh
Okawaru
Qazlal
Ru
Sif Muna
Trog
Uskayaw
Vehumet
Wu Jian
Xom
Yredelemnul
Zin
The Shining One
Jiyva
Lugonu

Shops:
D :*[[:(=?*:*?=[:**:([*(

Annotations:
D Tiamat


Innate Abilities, Weirdness & Mutations

Your serpentine skin is tough. (AC +4)
You have supernaturally acute eyesight. (SInv)
Armour fits poorly on your strangely shaped body.
Your system is resistant to poisons. (rPois)
You cover ground very slowly.
You can spit poison.
You have a snake-like lower body.
Your spells are a little easier to cast, but a little less powerful.
You sometimes lose the ability to read scrolls when taking damage.


Message History

As you read the scroll of blinking, it crumbles to dust.
You pick up the Orb of Zot!
The Orb lets out a hideous shriek!
The lords of Pandemonium are not amused.
Beware!
Now all you have to do is get back out of the dungeon!
Something screams, "Away with thee, thou gorbellied crook-pated jarkman!"
Blink to where?
Press: ? - help, Dir - move target
As you read the scroll of blinking, it crumbles to dust.
You see here a +2 great sword of flaming.
Items here: ))) ÷.
There is an open door here.
You feel yourself speed up.
There is an open door here.
There is an open door, spattered with blood here.
There is an open door here.
Bililara comes into view.
An ancient lich comes into view.
There is an open door, spattered with blood here.
You can't go up here!
Things that are here:
a +0 dagger; a +0 robe
There is an open door, spattered with blood here.
Bililara gestures at you. A sentinel's mark forms upon you.
The ancient lich gestures wildly while chanting.
The ancient lich flickers and vanishes for a moment.
There is an open door here.
There is a corrupted altar of Lugonu here.
There is an open door here.
Your extra speed is starting to run out.
Bililara gestures.
There is an open door here.
You see here a +0 robe.
There is an open door here.
You feel yourself slow down.
There is an open door, spattered with blood here.
You see here a +0 giant club.
There is an open door here.
You see here a +0 club.
There is a staircase leading out of the dungeon here.
You have escaped!

##################
#@.#..&..#.['..#__
#..&..#..'..#..'&L
#..#####'#####'#__
#..####..#...#.###
#..#__####..##.#≈≈
#..#_____##'#_§§≈§
#⌠⌠#_.∩...'...§#§§
####_[.__##_.#'##§
#_____###'#)#[)


You could see Bililara.

Vanquished Creatures
  A golden dragon (D)
  A shadow dragon (D)
  4 fire giants (D)
  A lorocyproca (D)
  A hydra (D)
  2 centaur warriors (D)
  Sonja (D)
  A deep troll (D)
  A lindwurm (D)
  An oklob plant (D)
  A merfolk siren (D)
  7 unseen horrors (D)
  2 gargoyles (D)
  2 kobold demonologists (D)
  4 demonic crawlers (D)
  A hellwing (D)
  A hornet (D)
  A slime creature (D)
  Sigmund (D)
  A yak (D)
  13 hogs (D)
  2 redbacks (D)
  3 floating eyes (D)
  An ogre (D)
  7 necrophages (D)
  8 jellies (D)
  Ijyb (D)
70 creatures vanquished.

Vanquished Creatures (collateral kills)
  8 shining eyes (D)
  4 floating eyes (D)
12 creatures vanquished.

Vanquished Creatures (others)
  3 hornets (D)
  2 ballistomycete spores (D)
5 creatures vanquished.

Grand Total: 87 creatures vanquished

Notes
Turn   | Place    | Note
-------+----------+-------------------------------------------
     0 | D        | jt the Naga Berserker began the quest for the Orb.
     0 | D        | Reached XP level 1. HP: 21/21 MP: 1/1
     2 | D        | Noticed Ijyb
     9 | D        | Killed Ijyb
    10 | D        | Reached XP level 2. HP: 28/28 MP: 2/2
    10 | D        | Reached XP level 3. HP: 34/34 MP: 3/3
    57 | D        | Noticed an ogre
    63 | D        | Killed an ogre
    64 | D        | Reached XP level 4. HP: 42/42 MP: 4/4
   116 | D        | Noticed Sigmund
   136 | D        | Killed Sigmund
   136 | D        | Reached ** piety under Trog
   137 | D        | Reached XP level 5. HP: 9/49 MP: 5/5
   137 | D        | Reached XP level 6. HP: 11/56 MP: 6/6
   383 | D        | Found a shimmering blue altar of Sif Muna.
   384 | D        | Found an ornate altar of the Wu Jian Council.
   385 | D        | Found a radiant altar of Vehumet.
   396 | D        | Reached skill level 1 in Evocations
   634 | D        | Found Qop Melo's Armour Emporium.
   634 | D        | Found an ancient bone altar of Kikubaaqudgha.
   634 | D        | Found a hazy altar of Hepliaklqana.
   634 | D        | Found a hide-covered altar of Uskayaw.
   634 | D        | Found a basalt altar of Yredelemnul.
   634 | D        | Found an opulent altar of Gozag.
   634 | D        | Found a snail-covered altar of Cheibriados.
   634 | D        | Found a sacrificial altar of Ru.
   634 | D        | Found a shadowy altar of Dithmenos.
   634 | D        | Noticed a yak
   642 | D        | Killed a yak
   643 | D        | Reached skill level 4 in Fighting
   643 | D        | Reached XP level 7. HP: 66/66 MP: 7/7
   643 | D        | Found a stormy altar of Qazlal.
   643 | D        | Found a blossoming altar of Fedhas.
   643 | D        | Found a bloodstained altar of Trog.
   643 | D        | Found an iron altar of Okawaru.
   643 | D        | Found a glowing golden altar of the Shining One.
   643 | D        | Found a glowing silver altar of Zin.
   643 | D        | Found a white marble altar of Elyvilon.
   644 | D        | Found a sparkling altar of Nemelex Xobeh.
   725 | D        | Found a burning altar of Makhleb.
   725 | D        | Found a shimmering altar of Xom.
   725 | D        | Noticed a slime creature
   726 | D        | Found a viscous altar of Jiyva.
   726 | D        | Found a corrupted altar of Lugonu.
   737 | D        | Killed a slime creature
   738 | D        | Reached skill level 7 in Fighting
   806 | D        | Noticed a kobold demonologist
   807 | D        | Noticed a kobold demonologist
   809 | D        | Paralysed by a floating eye for 3 turns
   811 | D        | Noticed an orange demon
   812 | D        | Noticed a red devil
   814 | D        | Reached skill level 9 in Fighting
   816 | D        | Killed a kobold demonologist
   816 | D        | Reached *** piety under Trog
   817 | D        | Reached skill level 10 in Fighting
   817 | D        | Reached XP level 8. HP: 88/88 MP: 8/8
   821 | D        | Killed a kobold demonologist
   822 | D        | Reached skill level 11 in Fighting
   892 | D        | Bought a +3 scale mail of cold resistance for 286 gold
                  | pieces
   907 | D        | Bought a +0 pair of gloves for 49 gold pieces
   918 | D        | Noticed Sonja
   927 | D        | Killed Sonja
   928 | D        | Reached skill level 12 in Fighting
   928 | D        | Reached XP level 9. HP: 98/98 MP: 9/9
   953 | D        | Found Carion's Book Boutique.
  1004 | D        | Noticed a deep troll
  1012 | D        | Killed a deep troll
  1012 | D        | Reached **** piety under Trog
  1023 | D        | Found Wecas's Armour Emporium.
  1053 | D        | Noticed a centaur warrior
  1054 | D        | Noticed a centaur warrior
  1076 | D        | Killed a centaur warrior
  1077 | D        | Reached skill level 13 in Fighting
  1077 | D        | Reached skill level 15 in Axes
  1077 | D        | Reached skill level 5 in Throwing
  1078 | D        | Killed a centaur warrior
  1079 | D        | Reached XP level 10. HP: 86/111 MP: 10/10
  1268 | D        | Reached skill level 14 in Fighting
  1298 | D        | Noticed an oklob plant
  1305 | D        | Killed an oklob plant
  1361 | D        | Reached ***** piety under Trog
  1362 | D        | Reached skill level 5 in Stealth
  1839 | D        | Noticed an unseen horror
  1852 | D        | Killed an unseen horror
  1993 | D        | Reached skill level 15 in Fighting
  2008 | D        | Noticed an unseen horror
  2017 | D        | Received a gift from Trog
  2035 | D        | Killed an unseen horror
  2099 | D        | Reached ****** piety under Trog
  2102 | D        | Reached skill level 10 in Stealth
  2108 | D        | Received a gift from Trog
  2119 | D        | Identified the +4 lajatang of Immorality {freeze, rN+ Will+
                  | Str+3 Dex-5}
  2129 | D        | Found Uruzuazys's Magic Scroll Shoppe.
  2129 | D        | Found Mydonaets's Jewellery Shop.
  2129 | D        | Found Mudioreo's Assorted Antiques.
  2131 | D        | Found Muvviak's Book Emporium.
  2131 | D        | Found Gehyhyne's Assorted Antiques.
  2131 | D        | Found Veusagyc's Magic Scroll Shoppe.
  2131 | D        | Found Methraplu's Jewellery Boutique.
  2131 | D        | Found Iplep's Antique Armour Emporium.
  2131 | D        | Found Bavorys's Book Shop.
  2131 | D        | Found Kaont's Assorted Antiques.
  2134 | D        | Bought a smoky purple potion for 23 gold pieces
  2134 | D        | Bought a scroll labelled GEUM AMIHULAW for 26 gold pieces
  2134 | D        | Bought a lumpy green potion for 23 gold pieces
  2134 | D        | Found Zoagh's General Store.
  2135 | D        | Found Iciorox's Antique Weapon Emporium.
  2135 | D        | Found Oneisaam's Book Boutique.
  2136 | D        | Bought a scroll labelled WUUMUA YMAEPS for 28 gold pieces
  2136 | D        | Bought a scroll labelled XUUTHR RYLU for 28 gold pieces
  2136 | D        | Found Remokool's General Store.
  2141 | D        | Bought a scroll labelled YPNOKU XOACW for 20 gold pieces
  2141 | D        | Bought a scroll labelled YPNOKU XOACW for 20 gold pieces
  2141 | D        | Bought a scroll labelled ULAITE QISKU for 20 gold pieces
  2141 | D        | Bought a scroll labelled IRUEKL ETIUSU for 20 gold pieces
  2141 | D        | Bought a scroll labelled NEVIEGR MITILE for 20 gold pieces
  2141 | D        | Bought a scroll labelled YPNOKU XOACW for 20 gold pieces
  2141 | D        | Bought a coppery potion for 18 gold pieces
  2155 | D        | Bought a scroll of enchant armour for 75 gold pieces
  2155 | D        | Bought a scroll of identify for 20 gold pieces
  2155 | D        | Bought a scroll of identify for 20 gold pieces
  2155 | D        | Bought 3 scrolls of immolation for 105 gold pieces
  2159 | D        | Acquired the +1 barding of Parlour Games {Str-3 Int+7}
  2185 | D        | Bought a fading mace for 160 gold pieces
  2185 | D        | Identified the +4 mace of Uwim {protect, Dex+2} (You bought
                  | it in a shop in the Dungeon)
  2193 | D        | Bought a ring of protection from fire for 300 gold pieces
  2200 | D        | Bought an embroidered hat for 175 gold pieces
  2252 | D        | Noticed a shining eye
  2252 | D        | Noticed a shining eye
  2252 | D        | Noticed a shining eye
  2253 | D        | Gained mutation: Your spells are a little easier to cast,
                  | but a little less powerful. [a shining eye]
  2254 | D        | Reached skill level 5 in Armour
  2254 | D        | Noticed a shining eye
  2256 | D        | Gained mutation: You sometimes lose the ability to read
                  | scrolls when taking damage. [a shining eye]
  2259 | D        | Noticed a shining eye
  2260 | D        | Killed a shining eye
  2261 | D        | Killed a shining eye
  2262 | D        | Reached skill level 16 in Fighting
  2262 | D        | Reached XP level 11. HP: 124/124 MP: 11/11
  2262 | D        | Killed a shining eye
  2263 | D        | Killed a shining eye
  2267 | D        | Noticed a shining eye
  2270 | D        | Noticed a shining eye
  2275 | D        | Killed a shining eye
  2277 | D        | Received a gift from Trog
  2278 | D        | Killed a shining eye
  2278 | D        | Killed a shining eye
  2279 | D        | Reached skill level 17 in Fighting
  2282 | D        | Noticed a shining eye
  2290 | D        | Killed a shining eye
  2296 | D        | Found Ufiah's General Store.
  2296 | D        | Found Ledifodi's Book Shop.
  2296 | D        | Found Viroeng's Armour Emporium.
  2296 | D        | Found Yleodaef's Weapon Boutique.
  2374 | D        | Reached skill level 18 in Fighting
  2447 | D        | Noticed a lindwurm
  2454 | D        | Killed a lindwurm
  2455 | D        | Reached skill level 10 in Armour
  2509 | D        | Received a gift from Trog
  2528 | D        | Received a gift from Trog
  2535 | D        | Reached skill level 19 in Fighting
  2690 | D        | Noticed a lorocyproca
  2705 | D        | Killed a lorocyproca
  2706 | D        | Reached XP level 12. HP: 142/142 MP: 0/12
  2788 | D        | Noticed a daeva
  2799 | D        | Received a gift from Trog
  2950 | D        | Noticed a 12-headed hydra
  2953 | D        | Killed a nine-headed hydra
  2954 | D        | Reached skill level 20 in Fighting
  3039 | D        | Noticed a shadow dragon
  3039 | D        | Noticed a golden dragon
  3052 | D        | Killed a shadow dragon
  3061 | D        | Killed a golden dragon
  3122 | D        | Found Qaqiu's Weapon Shoppe.
  3204 | D        | Noticed a deep elf annihilator
  3231 | D        | Received a gift from Trog
  3458 | D        | Bought a scroll of blinking for 97 gold pieces
  3460 | D        | Bought a pair of runed gloves for 187 gold pieces
  3471 | D        | Bought bronze acid dragon scales for 1125 gold pieces
  3471 | D        | Identified the +1 acid dragon scales of Unambiguity {rElec
                  | rC- Will+++ rCorr SInv} (You bought it in a shop in the
                  | Dungeon)
  4044 | D        | Bought a +0 cloak for 49 gold pieces
  4104 | D        | Bought a scroll of enchant armour for 97 gold pieces
  4110 | D        | Bought a ring of protection from fire for 350 gold pieces
  4110 | D        | Bought a scroll of silence for 105 gold pieces
  4116 | D        | Bought a dented cameo amulet for 140 gold pieces
  4121 | D        | Bought a potion of heal wounds for 140 gold pieces
  4129 | D        | Bought a potion of mutation for 104 gold pieces
  4290 | D        | Noticed a fire giant
  4293 | D        | Noticed a fire giant
  4293 | D        | Noticed a fire giant
  4295 | D        | Noticed a fire giant
  4303 | D        | Killed a fire giant
  4304 | D        | Reached skill level 21 in Fighting
  4309 | D        | Killed a fire giant
  4312 | D        | Killed a fire giant
  4321 | D        | Killed a fire giant
  4321 | D        | Received a gift from Trog
  4348 | D        | Found the +4 dragonskin cloak
  4348 | D        | Noticed Tiamat
  4436 | D        | Bought 2 potions of haste for 260 gold pieces
  4629 | D        | Got the Orb of Zot
  4664 | D        | Noticed Bililara the pandemonium lord
  4664 | D        | Noticed an ancient lich
  4690 | D        | Escaped with the Orb!

Illustrated notes

Levels and vault maps discovered:
D:        dungeon_sprint_1 [red_sonja_temple_1, red_sonja_temple_small_1]

Skill      XL: |  1  2  3  4  5  6  7  8  9 10 11 12 |
---------------+-------------------------------------+-----
Axes           | 6 9 12 14 15 16 19 | 19.6
Evocations     | 2 |  2.0
Fighting       | 4 10 12 13 16 19 21 | 21.8
Armour         | 4 6 10 | 10.0
Dodging        | 4 |  4.9
Throwing       | 6 |  6.0
Stealth        | 10 | 10.3

Action                   |  1- 3 |  4- 6 |  7- 9 | 10-12 || total
-------------------------+-------+-------+-------+-------++-------
Melee: Hand axe          |     9 |    27 |    24 |       ||    60
       Punch             |       |     1 |       |       ||     1
       War axe           |       |       |    18 |    80 ||    98
       Battleaxe         |       |       |       |   120 ||   120
       Executioner's axe |       |       |       |    22 ||    22
Throw: Dart              |       |       |     3 |     5 ||     8
Invok: Berserk           |     2 |     2 |     5 |     5 ||    14
       Trog's Hand       |       |       |     2 |       ||     2
       Brothers in Arms  |       |       |       |     3 ||     3
 Abil: Spit Poison       |     1 |     3 |     1 |     7 ||    12
  Use: Scroll            |       |       |       |    13 ||    13
       Potion            |       |       |       |     6 ||     6
 Stab: Sleeping          |       |       |       |     4 ||     4
       Distracted        |       |       |       |     2 ||     2
Armor: Animal skin       |       |     1 |     3 |       ||     4
       Scale mail        |       |       |    17 |   141 ||   158
Dodge: Dodged            |     3 |     9 |    13 |    66 ||    91

Table legend: (Time is in decaauts)
 A = Elapsed time spent in this place.
 B = Non-inter-level travel time spent in this place.
 C = Inter-level travel time spent in this place.
 D = Time resting spent in this place.
 E = Time spent auto-exploring this place.
 F = Levels seen in this place.
 G = Mean time per level.
                   A        B        C        D        E       F      G
               +--------+--------+--------+--------+--------+-----+--------+
         Total |   5303 |   4588 |    715 |   2722 |      0 |   1 | 5303.0 |
       Dungeon |   5303 |   4588 |    715 |   2722 |      0 |   1 | 5303.0 |
               +--------+--------+--------+--------+--------+-----+--------+

Top non-repeatable levels by time:
       D: 5303 daAuts
